AoeStats
← November_jp

Scandinavia

510966297Analyzed
1v1 RM · 7h ago on Oct 3, 2026· 18m 16s· 2 players
Game mode
Random Map
Map size
Tiny (2 player)
Population
200
Speed
Normal
Resources
Standard
Victory
Conquest
Starting age
Dark Age
Ending age
Imperial Age
RankedLock teamsTeams togetherTeam positionsShared explorationLock speedFull tech treeHidden civsTurbo modeCheats
Victory
Defeat
🇬🇷 Franks · Greece
668
+18
🇰🇷 Japanese · South Korea
594
-23
November_jp
12:45 Feudal Age
14:20 Wheelbarrow
13:43 Double-Bit Axe
14:11 Horse Collar
14:21 Man-at-Arms
17:06 Town Watch
Baboon.exe
13:15 Feudal Age
16:26 Scale Barding Armor
Connection lost

Rejoining the realm…

Still unreachable

The connection could not be restored.

Session expired

The server has moved on; the page needs a fresh start.